 Dungeon Crawl Stone Soup version 0.27-a0-1312-g5cdb2b3542 (webtiles) character file.

Game seed: 1788018689895023623

46 hatdisgam the Slasher (level 3, -2/42 HPs)
             Began as a Demonspawn Gladiator on June 21, 2021.
             Slain by Robin (3 damage)
             ... on level 2 of the Dungeon.
             The game lasted 00:01:42 (1131 turns).

hatdisgam the Slasher (Demonspawn Gladiator)        Turns: 1131, Time: 00:01:43

Health: -2/42      AC: 21    Str: 15    XL:     3   Next: 46%
Magic:  3/3        EV:  2    Int:  9    God:
Gold:   73         SH:  0    Dex: 14    Spells: 2/2 levels left

rFire    . . .     SeeInvis .   h - +0 hand axe (elec)
rCold    . . .     Faith    .   (no shield)
rNeg     + + +     Spirit   .   (armour currently unavailable)
rPois    +         Reflect  .   (helmet currently unavailable)
rElec    .         Harm     .   (cloak currently unavailable)
rCorr    .         Rampage  .   (gloves currently unavailable)
Will     .....     NoTele   +   (boots currently unavailable)
Stlth    +.........             (no amulet)
HPRegen  0.14/turn              (no ring)
MPRegen  0.08/turn              (no ring)

@: tree-form, attractive
A: stationary, stasis, torment immunity, boosted hp, (horns 1)
a: no special abilities


You were on level 2 of the Dungeon.
You were a tree.
You visited 1 branch of the dungeon, and saw 2 of its levels.

You collected 73 gold pieces.

Inventory:

Hand Weapons
 a - a +0 long sword
 h - a +0 hand axe of electrocution (weapon)
Missiles
 d - 3 throwing nets (quivered)
 e - 117 stones
Armour
 b - a +0 leather armour (melded)
 c - a +0 helmet
Jewellery
 n - a ring of ice
Scrolls
 f - 2 scrolls of fog {unknown}
 l - a scroll of identify {unknown}
Potions
 i - a potion of lignification
 j - a potion of heal wounds {unknown}
 k - a potion of brilliance {unknown}
 m - a potion of resistance {unknown}


   Skills:
 + Level 2.5 Fighting
 - Level 3.0 Long Blades
 * Level 1.3 Axes
 + Level 2.3 Throwing
 - Level 2.6 Dodging


You had 2 spell levels left.
You didn't know any spells.
Your spell library was empty.

Dungeon Overview and Level Annotations

Branches:
Dungeon (2/15)

Altars:

Annotations:
D:2 Robin


Innate Abilities, Weirdness & Mutations

You are a tree.
Your roots penetrate the ground, keeping you stationary.
You cannot be teleported.
You are immune to unholy pain and torment.
Your maximum health is greatly increased.
Your equipment is partially melded.
((You have a pair of small horns on your head.))


Message History

You hit the goblin. Lightning courses through the goblin!
You kill the goblin!
You hit the goblin.
You kill the goblin!
The hobgoblin no longer looks unusually strong.
A goblin comes into view. It is wielding a +0 dagger.
The goblin shouts!
You hit the goblin but do no damage.
You headbutt the goblin, but do no damage.
The goblin hits you with a +0 club.
You hit the goblin.
You kill the goblin!
A goblin comes into view. It is wielding a +0 club.
You hit the hobgoblin but do no damage. You headbutt the hobgoblin.
You kill the hobgoblin!
Robin roars a battlecry!
The hobgoblin goes into a battle-frenzy!
Robin hits you with a +0 short sword.
Items here: )) [ ††.
You hit Robin.
Robin is lightly wounded.
Robin hits you with a +0 short sword! Robin hits you with a +0 short sword.
* * * LOW HITPOINT WARNING * * *
You barely miss Robin. Your headbutt misses Robin.
Robin is lightly wounded.
Robin barely misses you.
You hit Robin.
Robin is moderately wounded.
Robin hits you with a +0 short sword!
* * * LOW HITPOINT WARNING * * *
Unknown command.
It was a potion of lignification.
You turn into a tree.
Your +0 leather armour melds into your body.
Your roots penetrate the ground.
Robin says, "My goblins will feast on your bones."
Robin hits you but does no damage.
It was a potion of attraction.
You feel attractive to monsters. Robin hits you with a +0 short sword.
You die...

#...# #
#...#.#
#...#.#
#.###.#.#.#
#...).....###
#####g......+
#gg...####
#g##.##
#♣#### #.#
#)#
#########+#
#.#
#.......#.#
#.#
#.#####.#.#
#.####.#
#.#.##
#......#
#....##
######.#
#.....#
#.#####......


You could see Robin, 2 hobgoblins and a goblin (strong).

Vanquished Creatures
  3 dart slugs (D:1)
  An endoplasm (D:1)
  4 giant cockroaches
  10 goblins
  5 hobgoblins
  3 kobolds
  2 quokkas
  A ball python (D:2)
  3 bats
  3 frilled lizards (D:1)
  A rat (D:2)
36 creatures vanquished.

Notes
Turn   | Place    | Note
-------+----------+-------------------------------------------
     0 | D:1      | hatdisgam the Demonspawn Gladiator began the quest for the
                  | Orb.
     0 | D:1      | Reached XP level 1. HP: 16/16 MP: 1/1
   205 | D:1      | Reached skill level 3 in Long Blades
   206 | D:1      | Gained mutation: You have a pair of small horns on your
                  | head. [demonic ancestry]
   206 | D:1      | Reached XP level 2. HP: 22/22 MP: 2/2
   858 | D:2      | Reached XP level 3. HP: 27/28 MP: 3/3
   888 | D:2      | Reached skill level 1 in Axes
  1104 | D:2      | Noticed Robin
  1129 | D:2      | HP: 1/28 [Robin (7)]
  1131 | D:2      | Slain by Robin

Illustrated notes

Levels and vault maps discovered:
D:1:      dpeg_arrival_stone_temple_mockup, layout_basic
D:2:      layout_loops_corners, minivault_19, uniq_robin

Skill      XL: |  1  2  3 |
---------------+----------+-----
Long Blades    | 3 |  3.0
Throwing       | 2 |  2.3
Axes           | 1 |  1.3
Fighting       | |  2.5
Dodging        | |  2.6

Action                   || total
-------------------------++-------
Melee: Long sword        ||    19
       Hand axe          ||    60
       Headbutt          ||    14
  Use: Potion            ||     2
 Stab: Sleeping          ||     1
Armor: Leather armour    ||    18
       Skin              ||     1
Dodge: Dodged            ||    61
       Rpst.: Long sword ||     8

Table legend: (Time is in decaauts)
 A = Elapsed time spent in this place.
 B = Non-inter-level travel time spent in this place.
 C = Inter-level travel time spent in this place.
 D = Time resting spent in this place.
 E = Time spent auto-exploring this place.
 F = Levels seen in this place.
 G = Mean time per level.
                   A        B        C        D        E       F      G
               +--------+--------+--------+--------+--------+-----+--------+
         Total |   1151 |   1130 |     21 |      0 |    915 |   2 |  575.5 |
       Dungeon |   1151 |   1130 |     21 |      0 |    915 |   2 |  575.5 |
               +--------+--------+--------+--------+--------+-----+--------+

Top non-repeatable levels by time:
     D:1: 773 daAuts
     D:2: 378 daAuts
